Map: Battle on the Boardwalk LE

Players

SamuraiFunn

  • Race: Protoss Protoss
  • League: Platinum
  • Spawn Location: 11:00

A.I. 1 (Very Hard) - Winner!

  • Race: Terran Terran
  • Spawn Location: 1:00

VOD

Have the link to the VOD?

Description

Time

  • Played on: Dec. 1, 2017, 11:08 p.m.
  • Length: 3:05
Show
View Real Time Build Order
Export as new Build Order

SamuraiFunn Protoss 

Build Orders:  

Get SALT Encoding   

  12  0:01  Probe  
  13  0:13  Probe  
  14  0:18  Pylon  
  14  0:25  Probe  
  15  0:32  Assimilator  
  15  0:37  Probe  
  16  0:49  Gateway  
  16  0:58  Probe (Chrono Boost)  
  17  1:10  Probe (Chrono Boost)  
  18  1:19  Probe  
  18  1:24  Assimilator  
  19  1:31  Probe  
  20  1:43  Probe  
  20  1:47  Zealot (Chrono Boost)  
  22  1:55  Probe  
  23  2:03  Cybernetics Core  
  23  2:09  Nexus  
  23  2:11  Pylon  
  23  2:29  Probe  
  24  2:43  Stargate  
  24  2:52  Probe  
  25  3:02  Gateway  
Show
View Real Time Build Order
Export as new Build Order

A.I. 1 (Very Hard) Terran - Winner!

Build Orders:  

Get SALT Encoding   

  12  0:10  Supply Depot  
  12  0:12  SCV  
  13  0:35  Barracks  
  13  0:44  Barracks  
  13  0:58  Barracks  
  13  1:00  SCV  
  14  1:12  SCV  
  15  1:22  Marine  
  16  1:29  Barracks  
  16  1:31  Marine  
  17  1:40  Marine  
  17  1:45  Marine  
  19  1:49  Marine  
  20  1:56  Supply Depot  
  20  1:58  Marine  
  21  2:03  Marine  
  21  2:07  Marine  
  23  2:18  Marine x2  
  23  2:21  Marine  
  26  2:25  Marine  
  27  2:36  Marine x2  
  29  2:39  Marine  
  30  2:46  Supply Depot  
  31  2:57  Refinery  
Tags
 
Add a new tag
Caveats
  • Supply blocks, unpowered buildings, or Contaminate may cause inaccurate times.
  • Supply counts are checked every 10 seconds.